[Event "ESP-chT Honor Division 2022"]
[Site "Linares"]
[Date "2022.09.21"]
[Round "5.6"]
[White "Cramling, Pia"]
[Black "Llorente Zaro, Alfonso"]
[Result "1-0"]
[ECO "D37"]
[WhiteElo "2468"]
[BlackElo "2448"]
[Annotator "TA"]
[PlyCount "117"]
[EventDate "2022.09.17"]
[EventType "team-tourn"]
[EventCountry "ESP"]
[SourceTitle "playchess.com"]
[Source "ChessBase"]
[SourceQuality "1"]
[TimeControl "5400+30"]

1. d4 Nf6 2. Nf3 d5 3. c4 e6 4. Nc3 dxc4 5. e3 a6 6. Bxc4 c5 7. O-O b5 8. Be2 Bb7 9. dxc5 Qxd1 10. Rxd1 Bxc5 11. Nd2 {[%emt 0:01:46] D27: Queen's Gambit Accepted: Classical main line: 7 e4!? and 7 a4.} Nbd7 12. Nb3 {[%emt 0:01:53] [#]} Ke7 $146 (12... Bb4 $11 {remains equal.}) ({Predecessor:} 12... Bb6 13. a4 b4 14. a5 Bd8 15. Na4 Bd5 16. Nbc5 Bxa5 17. Bd2 O-O 18. Rdc1 Rfc8 19. Bxa6 {1-0 (37) Carlsen,M (2847)-Hou,Y (2658) chess24.com INT 2021}) 13. Nxc5 ({Better is} 13. Na5 $16 Ra7 14. a4 (14. Nxb7 Rxb7 15. a4 b4 $11)) 13... Nxc5 $11 14. Bd2 Rhd8 (14... b4 $5 ) 15. Rac1 Rac8 16. Nb1 Ke8 17. f3 Rd6 18. e4 {[%emt 0:07:04] Strongly threatening e5.} Nfd7 19. b3 f6 20. Bb4 Rxd1+ 21. Rxd1 e5 22. Rc1 Ne6 23. Rxc8+ Bxc8 24. Kf2 Nb8 25. Ke3 Nc6 26. Bc3 Ncd4 27. Bd3 h6 28. Na3 Bb7 29. Nc2 Nxc2+ 30. Bxc2 {[%emt 0:00:04][%mdl 4096] Endgame KBB-KBN} Kd7 31. g3 g5 32. Bd3 Bc6 33. Bf1 Ke8 34. Bh3 Bd7 35. Bf5 Ng7 (35... Kf7 $11 {keeps the balance.}) 36. Bg6+ $16 Kf8 37. f4 $1 exf4+ 38. gxf4 Be8 39. Bh7 {[%emt 0:05:43] And now Bb4+ would win. White is more active. This bishop pair is nice.} Kf7 $2 {[%emt 0:01:13] This move loses the game for Black.} (39... gxf4+ $16 {was called for.} 40. Kxf4 Kf7) 40. f5 $1 $18 Nh5 {aiming for ...Kg7.} 41. Bg6+ Ke7 42. Bb4+ Kd7 43. Bf8 $1 Bxg6 $2 (43... Nf4 44. Bh7 Bh5) 44. fxg6 {[%emt 0:00:02] g7 is the strong threat. KB-KN} Ke6 45. Bxh6 Nf4 {[%emt 0:00:04] [#]} 46. g7 $1 Kf7 47. e5 Nd5+ {[%emt 0:00:27] [#]} 48. Kf3 $1 ({Not} 48. Kd4 Ne7 49. Kc5 Ng8 50. Bxg5 fxg5 $11) 48... fxe5 49. Bxg5 Kxg7 50. Ke4 $1 Nc3+ 51. Kxe5 Nxa2 52. Bd2 {[%emt 0:00:04] Intending Ke4 and mate.} Kg6 53. Kd4 {[%emt 0:00:52] White mates.} Kh5 54. Kd3 a5 55. Kc2 a4 56. bxa4 bxa4 57. Kb2 Kg4 58. Kxa2 Kh3 59. Bf4 {[%emt 0:00:06] Weighted Error Value: White=0.04 (flawless) /Black=0.43} 1-0

[Event "ESP-chT Honor Division 2022"]
[Site "Linares"]
[Date "2022.09.21"]
[Round "5.7"]
[White "Fedoseev, Vladimir"]
[Black "Harikrishna, Pentala"]
[Result "1/2-1/2"]
[ECO "A29"]
[WhiteElo "2685"]
[BlackElo "2716"]
[Annotator "TA"]
[PlyCount "60"]
[EventDate "2022.09.17"]
[EventType "team-tourn"]
[EventCountry "ESP"]
[SourceTitle "playchess.com"]
[Source "ChessBase"]
[SourceQuality "1"]
[TimeControl "5400+30"]

1. c4 e5 2. Nc3 Nf6 3. Nf3 Nc6 4. g3 d5 5. cxd5 Nxd5 6. Bg2 Nb6 7. O-O Be7 8. b3 O-O 9. Bb2 Re8 {[%emt 0:01:16] A29: English Opening: Four Knights Variation with 4 g3.} 10. Rc1 Bg4 11. Ne4 {[%emt 0:08:37] [#]} f6 $146 ({Predecessor:} 11... Bf8 12. Rxc6 Bxf3 13. Bxf3 bxc6 14. Nc3 Nd5 15. d3 Bc5 16. Qc2 Bd4 17. Na4 Nb4 {1-0 (43) Sidorika,V (2331)-Estrada Nieto,J (2280) Chess.com INT 2021}) 12. a3 a5 13. d3 Qd7 14. Nc5 Bxc5 15. Rxc5 Bh3 16. Qc2 Bxg2 17. Kxg2 Qe6 18. e4 Red8 19. Rd1 Nd7 20. Rc4 Nb6 21. Rc3 Rd7 22. Bc1 Rad8 23. Be3 Nc8 24. Rb1 Nd6 {[%emt 0:01:42] [#] aiming for ...Nb5.} 25. Rc5 {[%emt 0:00:06] Inhibits Nb5.} Ne8 26. Ne1 Rd6 27. Rc1 Ra8 28. Nf3 Rad8 {[%emt 0:00:45] The position is equal.} 29. Ne1 Ra8 30. Nf3 Rad8 {[%emt 0:00:16] An even fight not without its subleties.  Weighted Error Value: White=0.04 (flawless) /Black=0.02 (flawless)} 1/2-1/2

[Event "ESP-chT Honor Division 2022"]
[Site "Linares"]
[Date "2022.09.21"]
[Round "5.8"]
[White "Gukesh D"]
[Black "Tabatabaei, M. Amin"]
[Result "0-1"]
[ECO "C54"]
[WhiteElo "2726"]
[BlackElo "2651"]
[Annotator "TA"]
[PlyCount "78"]
[EventDate "2022.09.17"]
[EventType "team-tourn"]
[EventCountry "ESP"]
[SourceTitle "playchess.com"]
[Source "ChessBase"]
[SourceQuality "1"]
[TimeControl "5400+30"]

1. e4 e5 2. Nf3 Nc6 3. Bc4 Bc5 4. c3 Nf6 5. d3 d6 6. Bg5 h6 7. Bh4 a6 {[%emt 0:02:12] 7...a5 is the recent fashion.} 8. Nbd2 {[%emt 0:01:54] C54: Giuoco Piano: 4 c3 Nf6, main lines with 5 d4 and 5 d3.} Qe7 9. O-O Ba7 10. b4 (10. a4 $14) 10... g5 $1 $11 11. Bg3 Nd7 $5 {[%emt 0:00:12][%mdl 4] [#] Exploring less charted territory.} 12. Bd5 $146 (12. a4 $1 $14) ({Predecessor:} 12. a4 Nf8 13. b5 Nd8 14. h3 h5 15. bxa6 bxa6 16. d4 Ng6 17. Re1 h4 18. Bh2 {½-½ (37) Rodriguez Perez,R (2208)-Eckert,D (2275) ICCF email 2020}) 12... h5 {[%emt 0:23:32] Threatens to win with ...h4.} 13. h4 g4 14. Nh2 (14. Ng5 $2 Nd8 15. Kh1 f6 $17) 14... Nf8 15. Kh1 Ng6 16. f3 Nd8 17. fxg4 {[%emt 0:21:13] White is on the road to losing.} (17. Qe1 $1 $15) 17... hxg4 $17 18. d4 (18. Nxg4 $2 Qg5 19. Nf3 Qxg4 $19) 18... Nxh4 19. Nc4 {[%emt 0:02:17][%cal Rd4e5] [#]} Ng6 20. Ne3 {[%emt 0:06:00] [#]} Qg5 $1 (20... c6 21. Bb3 $11) 21. Qd2 Nf4 {[%emt 0:08:28] White must now prevent ...Nh5.} 22. Qf2 (22. Rad1 $142) 22... Nde6 $19 (22... exd4 23. cxd4 Nh5 24. Bh4 $17 (24. Bxf7+ $2 Nxf7 25. Qxf7+ Kd8 $19)) 23. Rad1 Rh7 (23... exd4 24. cxd4 f6 25. Bxe6 (25. Bxf4 Nxf4 26. Qxf4 Qxf4 $14) 25... Nxe6 26. Nd5 $16) 24. a4 (24. Qe1 {is a better defense.}) 24... Nh5 25. Bh4 g3 26. Bxg5 gxf2 {[%emt 0:02:21][%cal Rh5g3] Chess con chili.} 27. Bh4 {[%emt 0:00:00] Against Ng3+} exd4 28. cxd4 Bxd4 29. Neg4 Ba7 {[%emt 0:02:30] Hoping for ...Nef4.} (29... Nhf4 30. g3 $17) 30. g3 {[%emt 0:01:26] Inhibits Nef4.} ({Avoid the trap} 30. Bxf2 $2 Nef4 31. Nf6+ Nxf6 $19) (30. Nxf2 {was called for.} Nef4 31. g4) 30... Nf8 31. Kg2 Rg7 32. b5 (32. Nf6+ $142 Nxf6 33. Bxf6) 32... axb5 ({Don't go for} 32... Bxg4 $2 33. Nxg4 Rxg4 34. Bxb7 $19) 33. axb5 Bxg4 34. Nxg4 Rxg4 35. Ra1 Nf4+ 36. Kf3 Nxd5 37. exd5 Rb4 38. Rxf2 Ng6 ({And not} 38... Rxb5 39. Re2+ Ne6 40. dxe6 $15) 39. Bf6 (39. Rfa2 {was the only chance.}) 39... Kd7 {[%emt 0:00:58] Weighted Error Value: White=0.43/Black=0.14 (very precise)} 0-1

[Event "ESP-chT Honor Division 2022"]
[Site "Linares"]
[Date "2022.09.21"]
[Round "5.9"]
[White "Iturrizaga Bonelli, Eduardo"]
[Black "Santos Ruiz, Miguel"]
[Result "1/2-1/2"]
[ECO "D36"]
[WhiteElo "2630"]
[BlackElo "2581"]
[Annotator "TA"]
[PlyCount "72"]
[EventDate "2022.09.17"]
[EventType "team-tourn"]
[EventCountry "ESP"]
[SourceTitle "playchess.com"]
[Source "ChessBase"]
[SourceQuality "1"]
[TimeControl "5400+30"]

1. d4 d5 2. c4 e6 3. Nc3 Nf6 4. cxd5 exd5 5. Bg5 c6 6. Qc2 h6 7. Bh4 {[%emt 0:00:09] D36: Queen's Gambit Declined: Exchange Variation: Main line (5 Bg5 c6 6 Qc2).} g6 8. e3 Bf5 9. Bd3 {[%emt 0:00:06] White has an edge.} Bxd3 10. Qxd3 Nbd7 11. Nge2 Bg7 12. O-O O-O 13. b4 b5 14. a4 a6 {[%emt 0:00:31] [#]} 15. Ra2 $146 ({Predecessor:} 15. a5 Qe7 16. Rab1 Rae8 17. Rfc1 g5 18. Bg3 Qe6 19. Qc2 Nh5 20. Nd1 f5 21. Bc7 {½-½ (49) Lysyj,I (2671)-Khismatullin,D (2651) Poikovsky 2015}) 15... Qe7 {[%emt 0:04:29] The position is equal.} 16. Rfa1 Nb6 17. Qb1 Rfe8 18. Bxf6 Qxf6 19. Nf4 Bf8 20. Nd3 Bd6 21. Nc5 h5 22. Qd3 Qg5 23. e4 dxe4 24. N3xe4 Qe7 25. axb5 axb5 26. Rxa8 Nxa8 27. Nd7 {[%emt 0:05:06] [#] Threatens to win with Ndf6+.} Kg7 (27... Bxh2+ $2 28. Kxh2 Kg7 29. Ndf6 $18) 28. Ndf6 Rd8 {[%emt 0:00:39][%cal Od6e5] Hoping for ...Be5!} 29. Qe3 {[%emt 0:03:17] Black must now prevent Rc1.} Nb6 30. Qg5 {[%emt 0:04:36] And now Nxh5+ would win.} Nd5 (30... Bxb4 $2 31. Nxh5+ Kg8 32. Nef6+ Qxf6 33. Nxf6+ $18) 31. Nxh5+ {[%emt 0:02:09] Pair of Knights!} Kg8 {[%emt 0:01:04] [#] ...Qxg5 is the strong threat.} 32. Nef6+ Nxf6 33. Nxf6+ Kg7 34. Nh5+ Kh7 35. Nf6+ Kg7 36. Nh5+ Kh7 {[%emt 0:00:03] Weighted Error Value: White=0.02 (flawless) /Black=0.01 (flawless)} 1/2-1/2

[Event "ESP-chT Honor Division 2022"]
[Site "Linares"]
[Date "2022.09.21"]
[Round "5.10"]
[White "Muzychuk, Anna"]
[Black "Yuffa, Daniil"]
[Result "1/2-1/2"]
[ECO "B97"]
[WhiteElo "2526"]
[BlackElo "2600"]
[Annotator "TA"]
[PlyCount "47"]
[EventDate "2022.09.17"]
[EventType "team-tourn"]
[EventCountry "ESP"]
[SourceTitle "playchess.com"]
[Source "ChessBase"]
[SourceQuality "1"]
[TimeControl "5400+30"]

1. e4 c5 2. Nf3 d6 3. d4 cxd4 4. Nxd4 Nf6 5. Nc3 a6 6. Bg5 e6 7. f4 Qb6 8. Qd2 Qxb2 9. Rb1 Qa3 10. f5 $1 {[%emt 0:02:52][%mdl 4] outshines the older 10.e5.} Nc6 11. fxe6 {[%emt 0:02:19] B97: Sicilian Najdorf: Poisoned Pawn.} Bxe6 12. Rxb7 Nxd4 13. Qxd4 {[%emt 0:00:07] aiming for Nd5. White has an edge.} Be7 $1 {[%emt 0:01:04] The position is equal.} 14. Bc4 Rc8 15. Bb3 {[%emt 0:03:05] [#]} Bxb3 $146 ({Predecessor:} 15... Qc5 16. Qxc5 Rxc5 17. Nd5 Nxd5 18. exd5 Bxg5 19. dxe6 fxe6 20. O-O Bf6 21. Rb8+ Bd8 22. Bxe6 {1-0 (40) Beliavsky,A (2595)-Buljovcic,I (2430) Novi Sad 1979}) 16. cxb3 h6 17. Bd2 Bd8 $1 18. O-O {[%emt 0:00:52] e5 is the strong threat.} O-O $1 19. h3 Qb2 20. Rb1 Qc2 21. Rc1 Qb2 {[%emt 0:00:11][%cal Of6e4] And now ...Nxe4! would win.} 22. Rb1 (22. Qxd6 $2 Rxc3 $1 23. Rxc3 Nxe4 $19) 22... Qc2 {[%emt 0:00:07][%cal Oc8c3] Strongly threatening ...Rxc3!} 23. Rc1 Qb2 {[%emt 0:00:09][%cal Of6e4] White must now prevent ...Nxe4!} 24. Rb1 {An interesting draw.  Weighted Error Value: White=0.03 (flawless) /Black=0.01 (flawless)} ({Don't go for} 24. Qxd6 $2 {[#]} Rxc3 $1 25. Rxc3 Nxe4 $19) 1/2-1/2

[Event "ESP-chT Honor Division 2022"]
[Site "Linares"]
[Date "2022.09.21"]
[Round "5.11"]
[White "Ibarra Jerez, Jose Carlos"]
[Black "Korneev, Oleg"]
[Result "1/2-1/2"]
[ECO "C45"]
[WhiteElo "2570"]
[BlackElo "2460"]
[Annotator "TA"]
[PlyCount "86"]
[EventDate "2022.09.17"]
[EventType "team-tourn"]
[EventCountry "ESP"]
[SourceTitle "playchess.com"]
[Source "ChessBase"]
[SourceQuality "1"]
[TimeControl "5400+30"]

1. e4 e5 2. Nf3 Nc6 3. d4 exd4 4. Nxd4 Bc5 5. Be3 Qf6 6. c3 Nge7 7. Bb5 O-O 8. O-O {[%emt 0:01:03] C45: Scotch Game.} Bb6 9. a4 a6 10. Bc4 Ne5 11. Be2 d5 12. f4 N5c6 13. e5 Qh6 14. Qd2 {[%emt 0:03:04] [#]} Nf5 $146 (14... Nxd4 $11 {keeps the balance.} 15. cxd4 Bf5) ({Predecessor:} 14... f5 15. Rf3 Nxd4 16. cxd4 a5 17. Nc3 c6 18. Rh3 Qe6 19. Kh1 Kh8 20. Rg1 Qf7 {1-0 (50) Bortnyk,O (2598)-Hansen,S (2557) Chess.com INT 2020}) 15. Nxf5 $16 Bxf5 16. Bxb6 cxb6 17. Bd3 (17. Qxd5 $16 {With the idea Na3.} Qg6 18. Qf3) 17... Bxd3 18. Qxd3 d4 19. cxd4 Rad8 20. d5 {[%emt 0:00:47] [#] And now Nc3 would win.} Nb4 21. Qe4 Nxd5 22. Na3 b5 {[%emt 0:01:25] Inhibits Nc4.} 23. axb5 axb5 24. Rae1 Qb6+ 25. Kh1 f5 26. Qf3 Nc7 27. Rd1 {[%emt 0:05:51] Inhibits Rd2.} h6 28. Qb3+ Qe6 29. Qb4 Nd5 30. Qxb5 Ne3 {[%emt 0:00:43][%csl LRd1,LRf1] Prevents Qc4. The position is equal.} 31. Rxd8 Rxd8 32. Rg1 Rd4 33. Qc5 ({Don't play} 33. Qxb7 Rxf4 34. Qb5 Re4 $17) 33... Re4 34. Nb5 {[%emt 0:00:53] [#] Strongly threatening Nd6.} Qc6 35. Qxc6 bxc6 $11 {[%emt 0:00:01][%mdl 4096] Endgame KRN-KRN} 36. Nd6 Rxf4 37. Re1 {[%emt 0:01:01] Black must now prevent g3.} Nd5 38. g3 Rf2 39. Kg1 Rxb2 40. Nxf5 Rb7 41. Rc1 Ne7 42. Nxe7+ Rxe7 43. Rxc6 Rxe5 {Weighted Error Value: White=0.08 (flawless) /Black=0.08 (flawless)} 1/2-1/2

[Event "ESP-chT Honor Division 2022"]
[Site "Linares"]
[Date "2022.09.21"]
[Round "5.12"]
[White "Ubilava, Elizbar"]
[Black "Batsiashvili, Nino"]
[Result "1-0"]
[ECO "D37"]
[WhiteElo "2434"]
[BlackElo "2477"]
[Annotator "TA"]
[PlyCount "153"]
[EventDate "2022.09.17"]
[EventType "team-tourn"]
[EventCountry "ESP"]
[SourceTitle "playchess.com"]
[Source "ChessBase"]
[SourceQuality "1"]
[TimeControl "5400+30"]

1. d4 d5 2. c4 e6 3. Nc3 Nf6 4. Nf3 a6 5. cxd5 exd5 6. Bg5 {[%emt 0:00:38] D37: Queen's Gambit Declined: 5 Bf4.} Be6 7. Bxf6 Qxf6 8. Qb3 {[%emt 0:00:14][%csl LRb7,LRd5] The position is equal.} Ra7 9. a3 (9. Nxd5 Qd8 10. e4 c6 $16) 9... Qd8 10. h4 Be7 {[%emt 0:02:56] Inhibits Ng5.} 11. Qc2 {[%emt 0:01:09][%cal Of3g5] [#]} Nc6 $146 ({Predecessor:} 11... Nd7 12. e4 dxe4 13. Nxe4 Nf6 14. Neg5 Bd5 15. Ne5 c6 16. Bc4 O-O 17. O-O-O Bxc4 18. Nxc4 {1-0 (51) Gelfand,B (2675)-Braun,A (2609) Krasnaya Polyana 2021}) 12. e4 Kf8 ({Black should try} 12... O-O $14) 13. Rd1 (13. Nxd5 {looks sharper.} Bxd5 14. exd5 Qxd5 15. Bc4) 13... Ra8 14. Be2 ({White should play} 14. exd5 $16 Bxd5 15. Nxd5 Qxd5 16. Bc4 Qa5+ 17. Rd2) 14... h5 15. O-O Rh6 (15... dxe4 $16 16. Qxe4 Bb3) 16. exd5 $18 (16. Nxd5 Bxd5 17. exd5 Qxd5) 16... Bxd5 17. Nxd5 Qxd5 18. Bc4 Qd6 19. Ng5 Qg6 (19... Bxg5 $16 {was necessary.} 20. hxg5 Rh8) 20. Bd3 ({Weaker is} 20. Qxg6 Rxg6 21. f4 (21. Nxf7 Bf6 $14) 21... Nxd4 $16) (20. Qc1 $18) 20... Qd6 $16 21. Qb3 Nd8 22. d5 Qd7 (22... b5 $16 23. Bb1 Nb7) 23. Qc2 c6 (23... g6 $142 24. Rfe1 Rc8) 24. Be4 (24. Bf5 $142 Qd6 25. dxc6 Qxc6 26. Qe2) 24... Rd6 25. dxc6 Nxc6 26. Bxc6 Qxc6 27. Qh7 Rh6 28. Qf5 Bxg5 29. hxg5 ({Don't do} 29. Qxg5 Kg8 $14) 29... Rg6 30. Rd7 Qe6 {[%emt 0:00:22] [#]} 31. Qxe6 {[%emt 0:00:39] White has more active pieces. The black rooks are badly placed.} Rxe6 32. Rxb7 Re7 33. Rxe7 Kxe7 {[%emt 0:00:01][%mdl 4096] Endgame KR-KR} 34. Re1+ Kd6 35. Re4 Rb8 36. b4 Rb5 37. f4 Rd5 38. Kf2 Rd2+ 39. Re2 Rd3 {[%emt 0:00:21] [#]} 40. Re3 $1 Rd2+ 41. Kf3 h4 42. f5 (42. Rb3 $16) 42... Ra2 $1 $14 43. Rc3 Kd7 44. Kg4 Rxg2+ 45. Kxh4 Ra2 46. Kg4 (46. Rd3+ $16 Ke7 47. Kg4) 46... Ra1 47. Kf4 Rf1+ 48. Rf3 Ra1 49. Rd3+ Ke7 (49... Kc6 $14) 50. Ke5 Re1+ 51. Kd5 Rg1 $2 (51... Kd7 $16 52. a4 Rc1) 52. Kc6 Rxg5 53. Kb6 Rxf5 54. Kxa6 {[%emt 0:00:09] b5 is the strong threat.} g5 55. Rg3 {[%emt 0:00:50] Black must now prevent b5.} Rf6+ 56. Ka7 {[%emt 0:00:10] And now b5 would win.} Rf5 57. Ka6 $2 (57. Kb6) 57... Rf6+ $1 $18 58. Ka5 Rg6 59. b5 {[%emt 0:00:14] aiming for b6.} f5 60. b6 f4 61. b7 (61. Rc3 $142 Rg8 62. b7 Rb8 63. Kb6 Rd8 64. Rc8 Rd1 65. b8=Q Rb1+ 66. Kc5 Rxb8 67. Rxb8) 61... Rg8 62. Rc3 (62. Rb3 g4 63. Rc3 Rb8 $11) 62... Rb8 63. Kb6 {[%emt 0:00:06] White threatens Rc7+ and mate.} Kf6 64. a4 {[%emt 0:01:28] White mates.} g4 65. a5 g3 66. a6 g2 67. Rc1 f3 68. a7 Rxb7+ 69. Kxb7 {[%emt 0:00:05] KR-KPP} f2 70. a8=Q g1=Q 71. Qf8+ Ke6 72. Rc6+ Ke5 73. Qf6+ Ke4 74. Re6+ Kd3 75. Qf3+ Kd4 76. Qe3+ Kc4 77. Re4+ {[%emt 0:00:14] Weighted Error Value: White=0.37/Black=0.33} 1-0

[Event "ESP-chT Honor Division 2022"]
[Site "Linares"]
[Date "2022.09.21"]
[Round "5.13"]
[White "Van Foreest, Jorden"]
[Black "Eljanov, Pavel"]
[Result "1/2-1/2"]
[ECO "D02"]
[WhiteElo "2691"]
[BlackElo "2695"]
[Annotator "TA"]
[PlyCount "145"]
[EventDate "2022.09.17"]
[EventType "team-tourn"]
[EventCountry "ESP"]
[SourceTitle "playchess.com"]
[Source "ChessBase"]
[SourceQuality "1"]
[TimeControl "5400+30"]

1. d4 Nf6 2. Nf3 d5 3. Bf4 c5 4. e3 Nc6 5. Nbd2 Bg4 6. c3 e6 7. Qb3 $1 {[%emt 0:01:25] 7.Qb3 scores better than 7.Qa4. D02: 1 d4 d5 2 Nf3 sidelines, including 2...Nf6 3 g3 and 2...Nf6 3 Bf4.} Qc8 8. h3 Bh5 9. Be2 Be7 10. dxc5 O-O {[%emt 0:06:43] [#]} 11. g4 $146 ({Predecessor:} 11. Qa3 a5 12. Bd6 Bxd6 13. cxd6 Rd8 14. O-O Ne4 15. g4 Bg6 16. Nxe4 Bxe4 17. Nd2 {½-½ (34) Karavade,E (2339)-Kashlinskaya,A (2505) Chennai 2022}) 11... Bg6 12. h4 Ne4 (12... Bxc5 13. h5 Be4 14. g5 Bxf3 15. Bxf3 $14) 13. Nxe4 Bxe4 14. Rg1 (14. Rh3 $5 ) 14... Na5 $1 (14... Bxc5 15. Nd2) 15. Qa4 Bxf3 ({Resist} 15... Qxc5 16. Nd2 $16) 16. Bxf3 Qxc5 17. Be2 Nc4 ({Reject} 17... Bxh4 18. g5 $11) 18. Bxc4 dxc4 19. O-O-O b5 ({Don't do} 19... Bxh4 20. Bd6 Qb6 21. Bxf8 Bxf2 22. Rgf1 Bxe3+ 23. Kb1 Rxf8 24. Qxc4 $14) 20. Qa6 Rad8 {[%emt 0:14:55] Against Bd6} 21. Bg3 (21. h5 $11 {deserves consideration.}) 21... b4 (21... Rd3 $1 $15) 22. cxb4 $11 {[%emt 0:04:34] The position is equal.} Qxb4 23. Rxd8 $1 Rxd8 24. Rd1 {[%emt 0:00:03] Inhibits Qd2+.} Rxd1+ 25. Kxd1 {[%emt 0:00:06][%mdl 4096] Endgame KQB-KQB} h6 26. Qxa7 Kh7 27. Qd4 {[%emt 0:04:44][%cal Ob2b3] And now b3! would win.} Bf6 28. Qe4+ g6 29. Be5 Bxe5 30. Qxe5 {[%emt 0:00:04] KQ-KQ} Qa4+ 31. Kd2 Qxa2 32. h5 Qb1 33. Kc3 Qd3+ 34. Kb4 gxh5 35. gxh5 Qe2 36. f4 Kg8 37. Kc5 Qd3 38. Kc6 Qd2 39. Kb5 Qc2 40. Kb6 Qd1 41. Kc7 Qd2 42. e4 Qd1 43. Kc6 Qd3 44. Kc5 Qe2 45. Kb4 Kh7 46. Ka5 Kg8 47. Kb6 Qd1 48. Kc7 Kh7 49. Kc6 Kg8 50. Kc5 Qe2 51. Kd6 Qd2+ 52. Ke7 {[%emt 0:00:05] [#] Qb5 is the strong threat.} Qb4+ 53. Ke8 Qa4+ 54. Kd8 Qa8+ 55. Kc7 Qa7+ 56. Kc6 Qf2 57. Qc3 Qe2 58. Qd4 Qxh5 59. Qxc4 Qg6 60. Kc7 {[%emt 0:01:08] aiming for b4.} h5 61. b4 {[%emt 0:08:21] [#] Hoping for b5.} h4 62. b5 {[%emt 0:00:02] Strongly threatening b6.} h3 63. b6 {[%emt 0:00:03] Black must now prevent b7.} h2 64. b7 h1=Q 65. b8=Q+ Kh7 66. Qc3 {[%emt 0:00:39][%csl Gb8][%cal Rc3h8] Inhibits Qf6.} f6 67. Qd8 Qf7+ (67... Qhxe4 68. Qh3+ Qh6 69. Qe7+ Kg6 70. Qg4+) 68. Qd7 {[%emt 0:00:59] Really sharp!} Qxd7+ 69. Kxd7 {[%emt 0:00:02] Threatens to win with Qc6.} Qxe4 70. Qxf6 Qb7+ 71. Ke8 {[%emt 0:00:17] White threatens Qe7+ and mate.} Qc8+ 72. Kf7 Qc7+ 73. Qe7 {[%emt 0:00:58] Weighted Error Value: White=0.04 (flawless) /Black=0.02 (flawless)} 1/2-1/2

[Event "ESP-chT Honor Division 2022"]
[Site "Linares"]
[Date "2022.09.21"]
[Round "5.14"]
[White "Jones, Gawain C B"]
[Black "Nihal Sarin"]
[Result "1/2-1/2"]
[ECO "B10"]
[WhiteElo "2623"]
[BlackElo "2677"]
[Annotator "TA"]
[PlyCount "61"]
[EventDate "2022.09.17"]
[EventType "team-tourn"]
[EventCountry "ESP"]
[SourceTitle "playchess.com"]
[Source "ChessBase"]
[SourceQuality "1"]
[TimeControl "5400+30"]

1. e4 c6 2. Nf3 d5 3. d3 dxe4 4. dxe4 Qxd1+ 5. Kxd1 Nf6 6. Nbd2 {[%emt 0:00:20] B10: Caro-Kann: 2 d3 and 2 c4.} g6 $1 {[%emt 0:00:24] 6...g6 is better than 6...Bg4.} 7. Ne5 Nbd7 8. Nd3 {[%emt 0:02:57] White has an edge.} Bh6 9. f3 {[%emt 0:02:12] [#]} b6 $146 ({Predecessor:} 9... O-O 10. c3 b6 11. Kc2 Ba6 12. a4 Rfd8 13. Nb4 Bxf1 14. Rxf1 Rac8 15. Nd3 Nf8 {1-0 (43) Chigaev,M (2631)-Samunenkov,I (2371) Chess.com INT 2022}) 10. g4 Ba6 11. a4 (11. h4 $5 ) 11... O-O-O 12. a5 {[%emt 0:02:53] Threatens to win with axb6.} Bxd3 13. cxd3 Ne5 14. axb6 axb6 15. Ra7 Rhe8 16. Nc4 Nxc4 17. Bxh6 {[%emt 0:00:23] Dancing on a razor blade.} Kb8 18. Ra2 c5 19. Ke2 Na5 20. Bg2 Nc6 21. Rha1 Kc7 22. Be3 e5 23. Ra6 Nd7 24. h4 Nf8 25. f4 Ne6 26. f5 {[%emt 0:03:34] Black is slightly better.} Ned4+ 27. Bxd4 Nxd4+ 28. Kf2 {[%emt 0:00:04] [#] Strongly threatening Ra7+.} Nc6 {[%emt 0:00:03] Against Ra7+} 29. Ke3 Kb7 30. R6a3 Rd6 31. Rf1 {[%emt 0:01:07] Weighted Error Value: White=0.06 (flawless) /Black=0.04 (flawless)} 1/2-1/2

[Event "ESP-chT Honor Division 2022"]
[Site "Linares"]
[Date "2022.09.21"]
[Round "5.15"]
[White "Hakobyan, Aram"]
[Black "Del Rio De Angelis, Salvador G."]
[Result "1-0"]
[ECO "B28"]
[WhiteElo "2611"]
[BlackElo "2456"]
[Annotator "TA"]
[PlyCount "55"]
[EventDate "2022.09.17"]
[EventType "team-tourn"]
[EventCountry "ESP"]
[SourceTitle "playchess.com"]
[Source "ChessBase"]
[SourceQuality "1"]
[TimeControl "5400+30"]

1. e4 c5 2. Nf3 a6 3. g3 Nc6 4. Bg2 d6 5. d4 cxd4 6. Nxd4 {[%emt 0:00:14] B28: Sicilian: 2 Nf3 a6 (O'Kelly Variation).} e6 7. Nxc6 $5 {[%emt 0:04:27][%mdl 4] A promising side line.} bxc6 8. O-O {[%emt 0:00:06] White is slightly better.} e5 9. c4 Nf6 10. Nc3 Be7 11. h3 O-O {[%emt 0:04:55] [#]} 12. Be3 $146 ({Predecessor:} 12. Kh2 Nd7 13. Na4 Qc7 14. b3 Rd8 15. Be3 c5 16. Nc3 Bb7 17. h4 Nf8 18. Bh3 {0-1 (57) Ondracek,O (2130)-Butkiewicz,L (2436) Pardubice 2015}) 12... Rb8 13. b3 Nd7 14. Qd2 Qc7 15. Rad1 Re8 16. f4 exf4 17. gxf4 Bf8 18. Ne2 Nf6 19. Ng3 a5 20. Bd4 Nd7 21. Nh5 $36 {[%emt 0:00:48][%mdl 2048] White fights for an advantage.} a4 {[%emt 0:08:08] [#]} (21... f6 $11) 22. Qc3 $1 $16 ({Resist} 22. bxa4 $6 f6 $14) 22... f6 23. Qg3 {[%emt 0:04:17] And now Bxf6 would win.} ({But not} 23. bxa4 $6 c5 24. Bf2 Bb7 $11) 23... Kh8 {[%emt 0:03:33] [#]} 24. e5 $1 {[%emt 0:01:04] White has more active pieces.} ({Weaker is} 24. bxa4 Ba6 25. Rf2 Bxc4 $17) 24... dxe5 25. fxe5 {[%emt 0:00:05][%cal Og2c6] Bxc6! is the strong threat.} f5 $2 (25... Re6 $16 {is more resistant.}) 26. Rxf5 $18 {[%emt 0:02:18][%cal Bf1f5,Bf5f7,Bf7g7][%mdl 32] Strongly threatening Rf7.} axb3 (26... Nb6 $142) 27. Rf7 {[%emt 0:03:23][%cal Rf7g7] White threatens Rxg7 and mate.} b2 28. Rxg7 {[%emt 0:00:18] Weighted Error Value: White=0.03 (flawless) /Black=0.59} 1-0